 Dungeon Crawl Stone Soup version 0.28.0-47-ge53b351184 (webtiles) character file.

Game seed: 5005009951801859418

2 Iusername the Ducker (level 1, 0/10 HPs)
             Began as a Felid Berserker on May 4, 2022.
             Was a Follower of Trog.
             Constricted to death by a ball python (1 damage)
             ... on level 1 of the Dungeon.
             The game lasted 00:00:20 (22 turns).

Iusername the Ducker (Felid Berserker)                Turns: 22, Time: 00:00:20

Health: 0/10       AC:  1    Str: 13    XL:     1   Next: 33%
Magic:  2/2        EV: 15    Int:  8    God:    Trog [*.....]
Gold:   0          SH:  0    Dex: 15    Spells: 0/0 levels left
                                        Lives:  0   Deaths: 0

rFire   . . .      SeeInvis +     - Unarmed
rCold   . . .      Faith    .   (shield unavailable)
rNeg    . . .      Spirit   .   (armour unavailable)
rPois   .          Reflect  .   (helmet unavailable)
rElec   .          Harm     .   (cloak unavailable)
rCorr   .          Rampage  .   (gloves unavailable)
Will    .....                   (boots unavailable)
Stlth   +.........              (no amulet)
HPRegen 0.03/turn               (no ring)
MPRegen 0.08/turn               (no ring)

@: constricted, quick
A: very small, claws 1, fangs 3, see invisible, speed 1, shaggy fur 1, stealthy
paws, no weapons or thrown items, no armour, multi-lived
a: Renounce Religion, Berserk


You were on level 1 of the Dungeon.
You worshipped Trog.
Trog was aware of your devotion.
You visited 1 branch of the dungeon, and saw 1 of its levels.

You aren't carrying anything.


   Skills:
 + Level 3.0 Fighting
 + Level 4.1 Dodging
 + Level 3.0 Unarmed Combat


You couldn't memorise any spells.
You didn't know any spells.
Your spell library was empty.

Dungeon Overview and Level Annotations

Branches:
Dungeon (1/15)

Altars:


Innate Abilities, Weirdness & Mutations

You have sharp claws.
You have razor-sharp teeth.
You have supernaturally acute eyesight. (SInv)
You cover ground quickly. (Speed+)
You are covered in fur. (AC +1)
Your paws help you pounce on unaware monsters.
You are incapable of wielding weapons or throwing items.
You cannot wear armour.
You gain extra lives every three experience levels.


Message History

Below lies the Orb of Zot, rumoured to be powerful enough to resurrect a god...
Trog says: Kill them all!
Press ? for a list of commands and other information.
Found a staircase leading out of the dungeon.
An endoplasm comes into view.
The endoplasm quivers.
An endoplasm is nearby!
You scratch the endoplasm.
You kill the endoplasm!
Trog accepts your kill.
A hobgoblin comes into view.
The hobgoblin shouts!
You hear an angry hiss.
The hobgoblin moves out of view.
A ball python comes into view.
A kobold comes into view. It is wielding a +0 short sword.
The kobold shouts!
You closely miss the hobgoblin. You bite the hobgoblin.
The hobgoblin is severely wounded.
The hobgoblin misses you.
You barely miss the hobgoblin. You bite the hobgoblin.
The hobgoblin is almost dead.
The hobgoblin misses you.
You scratch the hobgoblin but do no damage.
The hobgoblin is almost dead.
The hobgoblin hits you.
You scratch the hobgoblin.
You kill the hobgoblin!
Trog accepts your kill. The ball python completely misses you.
The ball python closely misses you.
The kobold hits you with a +0 short sword.
Ouch! That really hurt!
* * * LOW HITPOINT WARNING * * *
You are too injured to fight recklessly!
You are too injured to fight recklessly!
You are too injured to fight recklessly!
You scratch the ball python but do no damage.
You bite the ball python, but do no damage.
The ball python barely misses you. The ball python grabs you.
The ball python constricts you.
You die...

.♣ .♣♣..♣.♣.♣ .
.....♣.. ♣ ..
♣......♣♣.♣ ..
...♣...♣.♣♣
♣.♣♣..♣...♣.♣♣♣♣♣♣
♣...♣...♣..♣...♣.♣♣
♣.K.....♣.♣♣♣.♣.♣♣♣
♣†@.♣♣...♣ ♣..♣..♣
♣....♣S...♣♣.♣..♣♣..♣♣
.........♣...♣♣.♣..♣.<♣
♣♣♣♣♣♣♣♣♣♣♣♣♣♣♣♣♣♣♣♣♣♣♣


You could see a ball python and a kobold.

Vanquished Creatures
  An endoplasm (D:1)
  A hobgoblin (D:1)
2 creatures vanquished.

Notes
Turn   | Place    | Note
-------+----------+-------------------------------------------
     0 | D:1      | Iusername the Felid Berserker began the quest for the Orb.
     0 | D:1      | Reached XP level 1. HP: 10/10 MP: 2/2
    22 | D:1      | Constricted to death by a ball python

Illustrated notes

Levels and vault maps discovered:
D:1:      erik_arrival_cave_to_civilisation [erik_arrival_cave_to_hall],
          layout_rooms, ebering_ecumenical_altar_box, minmay_misc_feat_rows

Action                   || total
-------------------------++-------
Melee: Unarmed           ||     6
       Bite              ||     3
Dodge: Dodged            ||     5
